 Dungeon Crawl Stone Soup version 0.31-a0-175-g9f7f995f2b (webtiles) character file.

Game seed: 16192388718855699788

10980 qw the Cleaver (level 11, 0/68 HPs)
             Began as a Gargoyle Fighter on June 16, 2023.
             Was a Priest of Okawaru.
             Killed by divine providence
             ... invoked by an orc priest
              (16 damage)
             ... on level 11 of the Dungeon.
             The game lasted 00:05:18 (9579 turns).

qw the Cleaver (Gargoyle Fighter)                   Turns: 9579, Time: 00:05:18

Health: 0/68       AC: 31    Str: 24    XL:     11   Next: 70%
Magic:  14/14      EV:  7    Int:  9    God:    Okawaru [***...]
Gold:   363        SH: 10    Dex:  9    Spells: 10/10 levels left

rFire   x x .        r - +6 broad axe of Gutemn Fulo {spect, rElec rF- rC+}
rCold   + + .        e - +0 kite shield
rNeg    + . .        t - +0 plate armour
rPois   inf          l - +2 helmet {SInv}
rElec   +            u - +0 cloak
rCorr   +            o - +0 pair of gloves
SInv    +            x - +2 pair of boots
Will    .....        (no amulet) Stlth
                     p - ring of resist corrosion
HPRegen 0.31/turn    m - ring of ice
MPRegen 0.14/turn

%: no passive effects
@: about to teleport
A: sickness immunity, AC +8, negative energy resistance 1, electricity
resistance, torment resistance 1, petrification resistance
a: Renounce Religion, Heroism


You were on level 11 of the Dungeon.
You worshipped Okawaru.
Okawaru was most pleased with you.
You visited 2 branches of the dungeon, and saw 12 of its levels.

You collected 588 gold pieces.
You spent 225 gold pieces at shops.


Innate Abilities, Weirdness & Mutations

You are immune to sickness and miasma.
Your stone body is resilient. (AC +8)
You are immune to poison.
You resist negative energy. (rN+)
You are resistant to electric shocks. (rElec)
You are resistant to unholy torment.
You are immune to petrification.


   Skills:
 - Level 8.0 Fighting
 - Level 11.1 Axes
 - Level 3.0 Throwing
 - Level 8.0 Armour
 - Level 2.5 Dodging
 + Level 9.5 Shields
 - Level 4.0 Invocations


You had 10 spell levels left.
You didn't know any spells.
Your spell library was empty.

Inventory:

Hand Weapons
 a - the +6 flail of Wu Jian's Whim {antimagic, +Blink rF+++ Str-4 Dex-2}
   (You found it on level 2 of the Dungeon)

   Str:       It affects your strength (-4).
   Dex:       It affects your dexterity (-2).
   rF:        It renders you almost immune to fire.
   +Blink:    It lets you blink.
 b - a +0 morningstar
 c - a +2 war axe
 r - the +6 broad axe of Gutemn Fulo (weapon) {spect, rElec rF- rC+}
   (You bought it in a shop on level 5 of the Dungeon)

   rF:        It makes you vulnerable to fire.
   rC:        It protects you from cold.
   rElec:     It insulates you from electricity.
Missiles
 f - 2 boomerangs
 w - 3 javelins (quivered)
Armour
 e - a +0 kite shield (worn)
 l - a +2 helmet of see invisible (worn)
 o - a +0 pair of gloves (worn)
 t - a +0 plate armour (worn)
 u - a +0 cloak (worn)
 x - a +2 pair of boots (worn)
Jewellery
 m - a ring of ice (right hand)
 p - a ring of resist corrosion (left hand)
 q - a ring of fire
 s - a ring of see invisible
Scrolls
 j - a scroll of teleportation
 k - 5 scrolls of identify
 y - a scroll of revelation {unknown}
Potions
 d - 4 potions of might
 g - a potion of heal wounds
 h - 2 potions of mutation
 i - a potion of lignification
 n - a potion of haste
 v - 2 potions of curing

Dungeon Overview and Level Annotations

Branches:
Dungeon (11/15)            Temple (1/1) D:7
   Lair: D:8-11         Orc: D:9-12

Altars:
Ashenzari
Cheibriados
Dithmenos
Elyvilon
Fedhas
Gozag
Hepliaklqana
Kikubaaqudgha
Makhleb
Nemelex Xobeh
Okawaru
Qazlal
Ru
Sif Muna
Trog
Uskayaw
Vehumet
Wu Jian
Xom
Yredelemnul
Zin
The Shining One

Shops:
D:5 (   D:7 [


Message History

You slash the two-headed ogre!
You kill the two-headed ogre!
Okawaru is honoured by your kill.
Your base Axes skill increases to level 11!
You closely miss the warg.
The warg is heavily wounded.
You block the warg's attack. The warg bites you but does no damage.
You slash the warg!
The warg is severely wounded.
You block the warg's attack.
You hit the warg.
The warg is severely wounded.
You block the warg's attack.
You slash the warg!
You kill the warg!
Okawaru accepts your kill.
You slice the warg!!
The warg is heavily wounded.
The warg bites you but does no damage.
You hit the warg.
The warg is severely wounded.
The orc warrior completely misses you. The warg bites you but does no damage.
You slice the warg!!
You kill the warg!
Okawaru accepts your kill.
The manticore flicks its tail.
You block the volley of spikes. You block the orc warrior's attack.
The manticore bites you. You block the manticore's attack. x2
The orc warrior hits you but does no damage.
Items here: %%% )) [ |.
9579 ||| READING 2 scrolls of teleportation.
As you read the scroll of teleportation, it crumbles to dust.
You feel strangely unstable.
You feel like a meek peon again.
The manticore bites you but does no damage.
The manticore claws you but does no damage. x2
The orc warrior hits you but does no damage.
The orc priest invokes the aid of Beogh against you.
Beogh smites you!
You die...

#....<....#
#.........#
#
#######'###
..## #..#
....# #.##
.....# #.#
..P..o# #.#
....ooo##.#
....oCH@..#
....o####.#
... #.# .
..# .## #.
#. #.


You could see a manticore, a cyclops, an orc warrior, an orc priest, 2 orc
wizards and 2 orcs.

Vanquished Creatures
  Fannar (D:11)
  2 two-headed ogres
  Pikel (D:4)
  Joseph (D:8)
  A hornet (D:8)
  2 trolls (D:10)
  A shadow (D:10)
  A wyvern (D:7)
  Sigmund (D:4)
  12 yaks
  A steam dragon (D:8)
  2 wargs (D:11)
  A water moccasin (D:5)
  Duvessa (D:5)
  2 sky beasts
  3 ice beasts
  5 orc warriors
  2 black bears (D:6)
  2 ogres
  5 centaurs
  2 lemures (D:4)
  A kobold brigand (D:10)
  2 bullfrogs
  A gnoll sergeant (D:10)
  2 scorpions (D:6)
  23 wights
  Dowan (D:5)
  9 killer bees
  2 howler monkeys
  A centaur zombie (D:5)
  5 hounds
  2 jellies
  5 orc priests
  3 iguanas
  5 sleepcaps
  Jessica (D:3)
  2 gnoll boudas
  8 orc wizards
  Natasha (D:4)
  A howler monkey zombie (D:5)
  9 adders
  19 gnolls
  3 shadow imps (D:6)
  3 worms
  4 dart slugs
  33 orcs
  5 ball pythons
  8 bats
  10 endoplasms
  3 giant cockroaches (D:4)
  10 hobgoblins
  3 quokkas
  3 frilled lizards
  3 goblins
  13 kobolds
  4 rats
  A spectral weapon (D:8)
258 creatures vanquished.

Vanquished Creatures (others)
  A spectral weapon (D:8)
1 creature vanquished.

Grand Total: 259 creatures vanquished

Notes
Turn   | Place    | Note
-------+----------+-------------------------------------------
     0 | D:1      | qw the Gargoyle Fighter began the quest for the Orb.
     0 | D:1      | Reached XP level 1. HP: 14/14 MP: 1/1
     0 | D:1      | 0 ||| qw: Version: 0.2-a-29-g511e9b1
     0 | D:1      | 0 ||| qw: Game counter: 5698
     0 | D:1      | 0 ||| qw: Always use a shield: true
     0 | D:1      | 0 ||| qw: God list: Okawaru
     0 | D:1      | 0 ||| qw: Allow faded altars: false
     0 | D:1      | 0 ||| qw: Do Orc after D:15 true
     0 | D:1      | 0 ||| qw: Do second Lair branch before Depths: true
     0 | D:1      | 0 ||| qw: Lair rune preference: random
     0 | D:1      | 0 ||| qw: Plans: Normal, Zot:1-4, Slime:5, God:TSO, Crypt,
                  | Tomb, Abyss, Pan, Hells, Win
     0 | D:1      | 0 ||| PLANNING D:1-11
   120 | D:1      | Reached skill level 2 in Axes
   308 | D:1      | Reached XP level 2. HP: 19/19 MP: 2/2
   575 | D:1      | 575 ||| Stepping ~*~*~tactically~*~*~ (hiding).
   642 | D:1      | 642 ||| Stepping ~*~*~tactically~*~*~ (hiding).
   644 | D:1      | 644 ||| Stepping ~*~*~tactically~*~*~ (hiding).
   971 | D:1      | 971 ||| UPGRADING to +0 kite shield.
   981 | D:1      | 981 ||| DROPPING +0 buckler.
   982 | D:1      | 982 ||| UPGRADING to +2 helmet.
   987 | D:1      | 987 ||| UPGRADING to +1 helmet of see invisible.
   997 | D:1      | 997 ||| READING scroll labelled ZUF GEYCOUCRA.
   998 | D:1      | 998 ||| READING scroll labelled YNASIO RECZOLL.
  1055 | D:2      | Identified the +6 flail of Wu Jian's Whim {antimagic,
                  | +Blink rF+++ Str-4 Dex-2}
  1067 | D:2      | Reached skill level 3 in Axes
  1082 | D:2      | 1082 ||| Stepping ~*~*~tactically~*~*~ (stealth).
  1087 | D:2      | Reached XP level 3. HP: 23/23 MP: 3/3
  1181 | D:2      | 1181 ||| Stepping ~*~*~tactically~*~*~ (stealth).
  1182 | D:2      | 1182 ||| Stepping ~*~*~tactically~*~*~ (stealth).
  1297 | D:2      | Reached XP level 4. HP: 23/28 MP: 4/4
  1516 | D:2      | 1516 ||| UPGRADING to ring of resist corrosion.
  1517 | D:2      | 1517 ||| READING scroll labelled PITZU BEVOGATS.
  1518 | D:2      | 1518 ||| READING scroll labelled MAUB JEUBBI.
  1519 | D:2      | 1519 ||| READING 3 scrolls labelled VIORAN SOEGHA.
  1524 | D:2      | 1524 ||| READING scroll labelled POEKKIU ONLEMO.
  1525 | D:2      | 1525 ||| DRINKING 2 fuming black potions.
  1567 | D:2      | 1567 ||| DRINKING 2 brown potions.
  1574 | D:2      | 1574 ||| DROPPING potion of ambrosia.
  1689 | D:3      | Found a white marble altar of Elyvilon.
  1718 | D:3      | 1718 ||| Stepping ~*~*~tactically~*~*~ (stealth).
  1721 | D:3      | 1721 ||| Stepping ~*~*~tactically~*~*~ (stealth).
  1756 | D:3      | 1756 ||| DROPPING +0 whip.
  1878 | D:3      | Reached skill level 4 in Axes
  1898 | D:3      | Identified the +1 ring mail "Got Ruxi" {rC+ Str+3 Int+3}
  1994 | D:3      | Noticed Jessica
  1996 | D:3      | Killed Jessica
  1997 | D:3      | Reached XP level 5. HP: 32/32 MP: 5/5
  2375 | D:3      | 2375 ||| DROPPING +0 mace.
  2671 | D:3      | 2671 ||| UPGRADING to +1 ring mail "Got Ruxi" {rC+ Str+3
                  | Int+3}.
  2681 | D:3      | 2681 ||| DROPPING +0 scale mail.
  2682 | D:3      | 2682 ||| UPGRADING to +0 chain mail.
  2692 | D:3      | 2692 ||| READING 2 scrolls labelled RIGISACSAR.
  2693 | D:3      | 2693 ||| READING scroll labelled KONARYAMAC.
  2694 | D:3      | 2694 ||| DRINKING 2 fuming coppery potions.
  2695 | D:3      | 2695 ||| DROPPING potion of degeneration.
  2753 | D:4      | Noticed a lemure
  2756 | D:4      | Noticed a lemure
  2756 | D:4      | Noticed a lemure
  2767 | D:4      | Noticed Pikel
  2770 | D:4      | Noticed a lemure
  2772 | D:4      | HP: 8/32 [lemure[Pikel] (3)]
  2773 | D:4      | 2773 ||| READING 2 scrolls of teleportation.
  2775 | D:4      | Killed a lemure
  2783 | D:4      | 2783 ||| READING scroll of teleportation.
  2784 | D:4      | HP: 7/32 [Pikel/+2 whip of electrocution (1)]
  3024 | D:4      | 3024 ||| Stepping ~*~*~tactically~*~*~ (stealth).
  3032 | D:4      | Reached XP level 6. HP: 37/37 MP: 6/6
  3067 | D:4      | Reached skill level 5 in Axes
  3069 | D:4      | 3069 ||| FLEEEEING.
  3070 | D:4      | 3070 ||| FLEEEEING.
  3071 | D:4      | 3071 ||| STAIRDANCE
  3156 | D:4      | Noticed Sigmund
  3187 | D:4      | Killed Sigmund
  3188 | D:4      | Reached XP level 7. HP: 22/44 MP: 7/7
  3231 | D:4      | 3231 ||| FLEEEEING.
  3232 | D:4      | 3232 ||| STAIRDANCE
  3306 | D:4      | 3306 ||| Stepping ~*~*~tactically~*~*~ (stealth).
  3307 | D:4      | 3307 ||| Stepping ~*~*~tactically~*~*~ (stealth).
  3308 | D:4      | 3308 ||| Stepping ~*~*~tactically~*~*~ (stealth).
  3309 | D:4      | 3309 ||| Stepping ~*~*~tactically~*~*~ (stealth).
  3489 | D:4      | 3489 ||| Stepping ~*~*~tactically~*~*~ (stealth).
  3490 | D:4      | 3490 ||| Stepping ~*~*~tactically~*~*~ (stealth).
  3493 | D:4      | 3493 ||| Stepping ~*~*~tactically~*~*~ (stealth).
  3496 | D:4      | 3496 ||| Stepping ~*~*~tactically~*~*~ (stealth).
  3516 | D:4      | Killed Pikel
  3517 | D:4      | Reached skill level 7 in Axes
  3517 | D:4      | Reached XP level 8. HP: 36/49 MP: 8/8
  3810 | D:4      | 3810 ||| Stepping ~*~*~tactically~*~*~ (hiding).
  3846 | D:4      | Noticed Natasha
  3855 | D:4      | Killed Natasha
  3885 | D:4      | 3885 ||| DROPPING ring of wizardry.
  3886 | D:4      | 3886 ||| READING scroll labelled DIOTU AGROHYXE.
  3887 | D:4      | 3887 ||| DRINKING 3 fizzy inky potions.
  3888 | D:4      | 3888 ||| READING 2 scrolls of identify.
  3888 | D:4      | 3888 ||| IDENTIFYING glowing yellow potion
  3915 | D:5      | Entered Level 5 of the Dungeon
  3915 | D:5      | Noticed Duvessa
  3915 | D:5      | Noticed Dowan
  3933 | D:5      | Killed Duvessa
  3934 | D:5      | Reached skill level 6 in Shields
  3936 | D:5      | HP: 12/49 [sky beast (1)]
  3937 | D:5      | 3937 ||| READING 2 scrolls of teleportation.
  3938 | D:5      | 3938 ||| DRINKING 2 potions of heal wounds.
  3946 | D:5      | HP: 12/49 [wight/+3 dagger (6)]
  3947 | D:5      | 3947 ||| READING scroll of teleportation.
  3948 | D:5      | 3948 ||| DRINKING potion of heal wounds.
  3951 | D:5      | Found a basalt altar of Yredelemnul.
  4121 | D:5      | 4121 ||| Stepping ~*~*~tactically~*~*~ (hiding).
  4147 | D:5      | 4147 ||| Stepping ~*~*~tactically~*~*~ (stealth).
  4274 | D:5      | 4274 ||| DROPPING +2 flail of protection.
  4278 | D:5      | 4278 ||| READING scroll of enchant weapon.
  4278 | D:5      | 4278 ||| ENCHANTING +1 war axe.
  4299 | D:5      | 4299 ||| Stepping ~*~*~tactically~*~*~ (hiding).
  4337 | D:5      | 4337 ||| Stepping ~*~*~tactically~*~*~ (stealth).
  4384 | D:5      | Reached XP level 9. HP: 54/54 MP: 9/9
  4401 | D:5      | 4401 ||| Stepping ~*~*~tactically~*~*~ (stealth).
  4420 | D:5      | Reached skill level 8 in Axes
  4472 | D:5      | 4472 ||| Stepping ~*~*~tactically~*~*~ (hiding).
  4477 | D:5      | Killed Dowan
  4536 | D:5      | Reached skill level 6 in Fighting
  4608 | D:5      | Found Quett's Antique Weapon Emporium.
  4611 | D:5      | 4611 ||| BUYING scorched broad axe (225 gold).
  4611 | D:5      | Bought a scorched broad axe for 225 gold pieces
  4611 | D:5      | Identified the +6 broad axe of Gutemn Fulo {spect, rElec
                  | rF- rC+} (You bought it in a shop on level 5 of the
                  | Dungeon)
  4611 | D:5      | 4611 ||| UPGRADING to +6 broad axe of Gutemn Fulo {spect,
                  | rElec rF- rC+}.
  4793 | D:5      | 4793 ||| UPGRADING to ring of ice.
  4794 | D:5      | 4794 ||| READING scroll labelled BOPIRA MECKU.
  4795 | D:5      | 4795 ||| READING 2 scrolls labelled PALOVUD HANE.
  4796 | D:5      | 4796 ||| READING scroll of enchant armour.
  4796 | D:5      | 4796 ||| ENCHANTING +1 helmet of see invisible.
  4797 | D:5      | 4797 ||| DROPPING +2 helmet.
  4798 | D:5      | 4798 ||| DRINKING 2 viscous yellow potions.
  4799 | D:5      | 4799 ||| READING 2 scrolls of identify.
  4799 | D:5      | 4799 ||| IDENTIFYING ruby potion
  4800 | D:5      | 4800 ||| DROPPING potion of enlightenment.
  4879 | D:6      | 4879 ||| Stepping ~*~*~tactically~*~*~ (stealth).
  5096 | D:6      | 5096 ||| Stepping ~*~*~tactically~*~*~ (stealth).
  5101 | D:6      | 5101 ||| Stepping ~*~*~tactically~*~*~ (stealth).
  5111 | D:6      | 5111 ||| Stepping ~*~*~tactically~*~*~ (hiding).
  5113 | D:6      | 5113 ||| Stepping ~*~*~tactically~*~*~ (hiding).
  5245 | D:6      | Found an ornate altar of the Wu Jian Council.
  5277 | D:6      | Reached skill level 9 in Axes
  5277 | D:6      | 5277 ||| FLEEEEING.
  5278 | D:6      | 5278 ||| FLEEEEING.
  5279 | D:6      | 5279 ||| FLEEEEING.
  5280 | D:6      | 5280 ||| FLEEEEING.
  5281 | D:6      | 5281 ||| FLEEEEING.
  5282 | D:6      | 5282 ||| FLEEEEING.
  5283 | D:6      | 5283 ||| FLEEEEING.
  5284 | D:6      | 5284 ||| FLEEEEING.
  5287 | D:6      | 5287 ||| FLEEEEING.
  5290 | D:6      | 5290 ||| FLEEEEING.
  5291 | D:6      | 5291 ||| FLEEEEING.
  5292 | D:6      | 5292 ||| FLEEEEING.
  5293 | D:6      | 5293 ||| FLEEEEING.
  5294 | D:6      | 5294 ||| FLEEEEING.
  5295 | D:6      | 5295 ||| FLEEEEING.
  5296 | D:6      | 5296 ||| FLEEEEING.
  5297 | D:6      | 5297 ||| FLEEEEING.
  5298 | D:6      | 5298 ||| FLEEEEING.
  5299 | D:6      | 5299 ||| FLEEEEING.
  5301 | D:6      | 5301 ||| FLEEEEING.
  5302 | D:6      | 5302 ||| FLEEEEING.
  5303 | D:6      | 5303 ||| FLEEEEING.
  5305 | D:6      | 5305 ||| FLEEEEING.
  5307 | D:6      | 5307 ||| FLEEEEING.
  5308 | D:6      | 5308 ||| FLEEEEING.
  5309 | D:6      | 5309 ||| FLEEEEING.
  5310 | D:6      | 5310 ||| FLEEEEING.
  5311 | D:6      | 5311 ||| FLEEEEING.
  5312 | D:6      | 5312 ||| FLEEEEING.
  5313 | D:6      | 5313 ||| FLEEEEING.
  5704 | D:6      | 5704 ||| UPGRADING to +0 pair of gloves.
  5850 | D:7      | Reached XP level 10. HP: 56/63 MP: 10/10
  5894 | D:7      | 5894 ||| Stepping ~*~*~tactically~*~*~ (stealth).
  5998 | D:7      | Found a staircase to the Ecumenical Temple.
  5999 | D:7      | 5999 ||| PLANNING TEMPLE
  6007 | Temple   | Entered the Ecumenical Temple
  6122 | Temple   | 6122 ||| PLANNING OKAWARU WORSHIP
  6143 | Temple   | Became a worshipper of Warmaster Okawaru
  6144 | Temple   | 6144 ||| PLANNING D:1-11
  6205 | D:7      | 6205 ||| Stepping ~*~*~tactically~*~*~ (stealth).
  6210 | D:7      | Found a stormy altar of Qazlal.
  6703 | D:7      | Found Owitaut's Armour Shop.
  6707 | D:7      | 6707 ||| SHOPLISTING +0 plate armour (345 gold, have 139).
  6827 | D:7      | 6827 ||| UPGRADING to +0 cloak.
  6832 | D:7      | 6832 ||| READING 3 scrolls labelled GUMIKOSSITOH.
  6833 | D:7      | 6833 ||| DROPPING 2 scrolls of amnesia.
  6861 | D:8      | Noticed Joseph
  6870 | D:8      | Killed Joseph
  6871 | D:8      | Reached skill level 9 in Shields
  6954 | D:8      | 6954 ||| Stepping ~*~*~tactically~*~*~ (hiding).
  6955 | D:8      | 6955 ||| Stepping ~*~*~tactically~*~*~ (hiding).
  6959 | D:8      | 6959 ||| Stepping ~*~*~tactically~*~*~ (cloud).
  6996 | D:8      | 6996 ||| Stepping ~*~*~tactically~*~*~ (stealth).
  7013 | D:8      | Reached * piety under Okawaru
  7047 | D:8      | 7047 ||| Stepping ~*~*~tactically~*~*~ (stealth).
  7054 | D:8      | 7054 ||| Stepping ~*~*~tactically~*~*~ (stealth).
  7056 | D:8      | 7056 ||| Stepping ~*~*~tactically~*~*~ (stealth).
  7057 | D:8      | 7057 ||| Stepping ~*~*~tactically~*~*~ (stealth).
  7058 | D:8      | 7058 ||| Stepping ~*~*~tactically~*~*~ (stealth).
  7071 | D:8      | 7071 ||| INVOKING Heroism.
  7073 | D:8      | 7073 ||| Stepping ~*~*~tactically~*~*~ (stealth).
  7082 | D:8      | 7082 ||| Stepping ~*~*~tactically~*~*~ (stealth).
  7083 | D:8      | 7083 ||| Stepping ~*~*~tactically~*~*~ (stealth).
  7094 | D:8      | 7094 ||| DROPPING amulet of magic regeneration.
  7165 | D:8      | Reached skill level 1 in Invocations
  7243 | D:8      | 7243 ||| Stepping ~*~*~tactically~*~*~ (stealth).
  7245 | D:8      | 7245 ||| Stepping ~*~*~tactically~*~*~ (stealth).
  7251 | D:8      | Reached skill level 1 in Throwing
  7255 | D:8      | Reached skill level 3 in Invocations
  7259 | D:8      | 7259 ||| INVOKING Heroism.
  7364 | D:8      | 7364 ||| Stepping ~*~*~tactically~*~*~ (stealth).
  7518 | D:8      | Found a flagged portal.
  7636 | D:8      | 7636 ||| DROPPING +1 ring mail "Got Ruxi" {rC+ Str+3
                  | Int+3}.
  7637 | D:8      | 7637 ||| UPGRADING to +0 plate armour.
  7647 | D:8      | 7647 ||| DROPPING +0 chain mail.
  7648 | D:8      | 7648 ||| UPGRADING to +2 pair of boots.
  7653 | D:8      | 7653 ||| DRINKING 2 coppery potions.
  7675 | D:9      | 7675 ||| Stepping ~*~*~tactically~*~*~ (hiding).
  7701 | D:9      | 7701 ||| INVOKING Heroism.
  7703 | D:9      | Reached skill level 6 in Armour
  7866 | D:9      | 7866 ||| Stepping ~*~*~tactically~*~*~ (hiding).
  7980 | D:9      | 7980 ||| Stepping ~*~*~tactically~*~*~ (stealth).
  7988 | D:9      | Reached ** piety under Okawaru
  7989 | D:9      | Reached XP level 11. HP: 67/67 MP: 14/14
  7992 | D:9      | Reached skill level 10 in Axes
  8281 | D:9      | 8281 ||| INVOKING Heroism.
  8535 | D:9      | 8535 ||| INVOKING Heroism.
  8691 | D:10     | Entered Level 10 of the Dungeon
  8773 | D:10     | 8773 ||| Stepping ~*~*~tactically~*~*~ (stealth).
  8776 | D:10     | 8776 ||| Stepping ~*~*~tactically~*~*~ (hiding).
  8778 | D:10     | 8778 ||| Stepping ~*~*~tactically~*~*~ (hiding).
  8834 | D:10     | 8834 ||| INVOKING Heroism.
  8846 | D:10     | Reached skill level 3 in Throwing
  8890 | D:10     | Found a blossoming altar of Fedhas.
  8890 | D:10     | Found a shadowy altar of Dithmenos.
  8891 | D:10     | 8891 ||| INVOKING Heroism.
  9012 | D:10     | 9012 ||| Stepping ~*~*~tactically~*~*~ (stealth).
  9013 | D:10     | 9013 ||| Stepping ~*~*~tactically~*~*~ (stealth).
  9049 | D:10     | 9049 ||| Stepping ~*~*~tactically~*~*~ (hiding).
  9111 | D:10     | Noticed a two-headed ogre
  9112 | D:10     | 9112 ||| INVOKING Heroism.
  9115 | D:10     | Killed a two-headed ogre
  9163 | D:10     | Reached *** piety under Okawaru
  9186 | D:10     | 9186 ||| Stepping ~*~*~tactically~*~*~ (hiding).
  9187 | D:10     | 9187 ||| Stepping ~*~*~tactically~*~*~ (hiding).
  9188 | D:10     | 9188 ||| Stepping ~*~*~tactically~*~*~ (hiding).
  9189 | D:10     | 9189 ||| Stepping ~*~*~tactically~*~*~ (hiding).
  9190 | D:10     | 9190 ||| Stepping ~*~*~tactically~*~*~ (hiding).
  9191 | D:10     | 9191 ||| Stepping ~*~*~tactically~*~*~ (hiding).
  9517 | D:10     | 9517 ||| READING scroll labelled PAHUET XAMOAH.
  9543 | D:11     | Noticed Fannar
  9545 | D:11     | 9545 ||| INVOKING Heroism.
  9551 | D:11     | Noticed a cyclops
  9554 | D:11     | Noticed a manticore
  9556 | D:11     | Noticed a two-headed ogre
  9565 | D:11     | Killed Fannar
  9570 | D:11     | Killed a two-headed ogre
  9571 | D:11     | Reached skill level 11 in Axes
  9578 | D:11     | HP: 16/68 [manticore (4)]
  9579 | D:11     | 9579 ||| READING 2 scrolls of teleportation.
  9579 | D:11     | Killed from afar by an orc priest

Levels and vault maps discovered:
D:1:      roderic_crossed_star, layout_basic
D:2:      layout_rooms
D:3:      layout_basic, elyvilon_altar_1, grunt_ministairs_12, uniq_jessica
D:4:      layout_basic, uniq_sigmund, uniq_pikel, uniq_natasha
D:5:      layout_cave_pools, lemuel_zombie_altar_yredelemnul, serial_shops,
          kennysheep_mini, hangedman_decor_growths, uniq_duvessa
D:6:      layout_loops_ring, lemuel_coloured_pillars_altar, st_stairs_2,
          grunt_ministairs_1
D:7:      layout_basic, grunt_qazlal_sundering, temple_hall, serial_shops, shop
D:8:      layout_cave_pools, enter_bailey_8, minmay_sticks_and_stones
D:9:      layout_basic, kennysheep_generic_room_4
D:10:     layout_irregular_city, nicolae_overflow_two_pavilions
D:11:     layout_roguey, erik_lair_orcish_takeover, hangedman_incinerator,
          uniq_fannar
Temple:   nicolae_temple_elliptical

Skill      XL: |  1  2  3  4  5  6  7  8  9 10 11 |
---------------+----------------------------------+-----
Axes           | 2 3 4 5 7 9 11 | 11.1
Shields        | 4 5 7 8 9 |  9.5
Fighting       | 5 7 8 |  8.0
Dodging        | 2 |  2.5
Armour         | 4 7 8 |  8.0
Invocations    | 4 |  4.0
Throwing       | 2 3 |  3.0

Action                     |  1- 3 |  4- 6 |  7- 9 | 10-12 || total
---------------------------+-------+-------+-------+-------++-------
  Melee: War axe           |    98 |   182 |   179 |       ||   459
         Broad axe         |       |       |    82 |   205 ||   287
  Throw: Javelin           |       |       |       |    29 ||    29
         Boomerang         |       |       |       |     9 ||     9
 Invoke: Heroism           |       |       |       |     9 ||     9
    Use: Scroll            |     2 |     8 |     9 |     3 ||    22
         Potion            |       |     3 |     4 |     1 ||     8
   Stab: Distracted        |       |       |       |     1 ||     1
 Armour: Scale mail        |    47 |    28 |       |       ||    75
         Chain mail        |       |    63 |   165 |    27 ||   255
         Plate armour      |       |       |       |    88 ||    88
  Dodge: Dodged            |    27 |    63 |    95 |    37 ||   222
  Block: Buckler           |     8 |       |       |       ||     8
         Kite shield       |    21 |    68 |   149 |   106 ||   344

Table legend:
 A = Non-vault XP
 B = Vault XP
 C = Vault XP percentage of total XP
 D = Non-vault monster count
 E = Vault monster count
 F = Vault count percentage of total count
                 A         B        C        D         E       F
            +---------+---------+-------+---------+---------+-------
      Total |   12554 |    3132 |  20.0 |     237 |      18 |   7.1
            +---------+---------+-------+---------+---------+-------
        D:1 |      29 |       0 |   0.0 |      15 |       0 |   0.0
        D:2 |      55 |       0 |   0.0 |      19 |       0 |   0.0
        D:3 |     144 |      38 |  20.9 |      27 |       2 |   6.9
        D:4 |     368 |     878 |  70.5 |      31 |       3 |   8.8
        D:5 |    1125 |     277 |  19.8 |      24 |       4 |  14.3
        D:6 |    1092 |     306 |  21.9 |      19 |       5 |  20.8
        D:7 |    1061 |       0 |   0.0 |      19 |       0 |   0.0
        D:8 |    2611 |     434 |  14.3 |      28 |       1 |   3.4
        D:9 |    2059 |       0 |   0.0 |      30 |       0 |   0.0
       D:10 |    3183 |       0 |   0.0 |      24 |       0 |   0.0
       D:11 |     827 |    1199 |  59.2 |       1 |       3 |  75.0
            +---------+---------+-------+---------+---------+-------
